AoeStats
← darador86

Pilgrims

508788292Analyzed
4v4 RM · 10d ago on Sep 24, 2026· 60m 12s· 8 players
Game mode
Random Map
Map size
Large (8 player)
Population
200
Speed
Normal
Resources
Standard
Victory
Conquest
Starting age
Dark Age
Ending age
Imperial Age
RankedLock teamsTeams togetherTeam positionsShared explorationLock speedFull tech treeHidden civsTurbo modeCheats
Victory
Defeat
🇪🇸 Huns · Spain
828
+11
🇺🇸 Dravidians · United States
815
+11
🇨🇦 Danes · Canada
658
+17
🇺🇸 Khmer · United States
455
+25
🇦🇷 Chinese · Argentina
723
-17
🇺🇸 Byzantines · United States
703
-17
🇺🇸 Persians · United States
691
-16
🇺🇸 Magyars · United States
650
-14
V snacks
9:13 Loom
14:37 Feudal Age
15:04 Town Watch
16:03 Man-at-Arms
16:56 Double-Bit Axe
17:49 Wheelbarrow
21:55 Fishing Lines
22:34 Scale Mail Armor
22:45 Forging
25:53 Castle Age
25:03 Fletching
30:27 Stone Mining
34:21 Bow Saw
35:22 Bodkin Arrow
39:12 Squires
49:27 Imperial Age
47:23 Chain Mail Armor
51:22 Pikeman
58:44 Plate Mail Armor
58:50 Iron Casting
57:53 Elite Varangian Guard
NWI Nutball
14:28 Feudal Age
18:34 Wheelbarrow
19:07 Double-Bit Axe
20:27 Horse Collar
22:43 Fishing Lines
26:00 Castle Age
30:44 Gold Mining
30:45 Stone Mining
30:27 Man-at-Arms
30:55 Arson
30:31 Pikeman
31:29 Bloodlines
31:20 Husbandry
31:54 Hand Cart
35:01 Gold Shaft Mining
35:02 Stone Shaft Mining
34:52 Medium Warships
34:52 Gillnets
35:13 Heavy Plow
35:33 Bow Saw
35:07 Long Swordsman
39:52 Scale Barding Armor
39:59 Forging
39:52 Scale Mail Armor
43:03 Caravan
46:41 Chain Barding Armor
46:57 Iron Casting
46:38 Chain Mail Armor
58:51 Tusk Swords
DOLAR2305
1:38 Loom
13:55 Feudal Age
15:14 Wheelbarrow
15:16 Fishing Lines
20:03 Gold Mining
20:04 Stone Mining
25:33 Castle Age
26:06 Forging
26:01 Scale Barding Armor
25:55 Arson
25:36 Man-at-Arms
26:39 Bloodlines
27:26 Husbandry
27:47 Double-Bit Axe
29:19 Iron Casting
29:13 Hand Cart
32:30 Chain Barding Armor
36:17 Bow Saw
36:25 Horse Collar
42:56 Imperial Age
42:01 Scale Mail Armor
42:02 Padded Archer Armor
41:53 Fletching
44:46 Cavalier
46:02 Conscription
47:28 Blast Furnace
47:03 Plate Barding Armor
47:37 Paladin
54:12 Chemistry
53:08 Murder Holes
55:01 Chain Mail Armor
57:08 Pikeman
57:50 Squires
57:36 Arson
57:37 Halberdier
59:11 Leather Archer Armor
58:51 Bodkin Arrow
58:57 Light Cavalry
60:03 Capped Ram
Darebear266178
16:57 Feudal Age
18:53 Double-Bit Axe
19:55 Loom
23:42 Castle Age
25:32 Bow Saw
26:01 Wheelbarrow
29:40 Gold Mining
33:46 Fletching
33:57 Padded Archer Armor
34:23 Horse Collar
36:02 Hand Cart
37:18 Town Watch
40:31 Imperial Age
40:25 Medical Corps
41:18 Bodkin Arrow
41:39 Forging
41:31 Scale Mail Armor
41:47 Leather Archer Armor
41:48 Pikeman
42:31 Squires
42:38 Bracer
42:49 Stone Mining
42:28 Halberdier
43:56 Thumb Ring
44:24 Elite Elephant Archer
48:23 Husbandry
50:11 Chemistry
51:05 Ballistics
52:27 Iron Casting
52:08 Chain Mail Armor
52:25 Ring Archer Armor
57:44 Wootz Steel
CaptainKruschel
4:16 Loom
12:01 Feudal Age
14:06 Wheelbarrow
13:21 Horse Collar
21:57 Stone Mining
21:58 Gold Mining
22:39 Fletching
22:51 Padded Archer Armor
23:14 Man-at-Arms
29:28 Castle Age
32:04 Bodkin Arrow
darador86
16:27 Feudal Age
17:23 Double-Bit Axe
17:31 Fishing Lines
22:33 Castle Age
23:29 Medium Warships
22:44 Demolition Ship
23:18 Gillnets
31:31 Imperial Age
32:07 Siphons
32:13 Clinker Construction
32:14 Careening
32:26 Ballistics
33:54 Bow Saw
34:53 Chemistry
34:35 Gold Mining
34:38 Stone Mining
35:35 Pikeman
36:17 Squires
37:12 Heavy Demolition Ship
39:07 Shipwright
39:28 Dry Dock
39:05 Heated Shot
44:47 Thumb Ring
50:13 Heavy Scorpion
AZULA
3:14 Loom
17:24 Feudal Age
20:09 Double-Bit Axe
24:34 Wheelbarrow
32:34 Castle Age
37:10 Imperial Age
34:28 Pikeman
35:09 Squires
34:31 Crossbowman
35:18 Thumb Ring
37:24 Bow Saw
37:00 Horse Collar
39:29 Hand Cart
40:38 Forging
40:29 Scale Mail Armor
41:36 Two-Man Saw
40:15 Halberdier
41:08 Arbalester
46:04 Greek Fire
46:25 Conscription
Matthias9
1:22 Loom
14:41 Feudal Age
15:17 Town Watch
16:08 Wheelbarrow
15:28 Double-Bit Axe
15:26 Horse Collar
17:02 Gold Mining
17:04 Stone Mining
31:24 Castle Age
31:51 Town Patrol
32:07 Hand Cart
32:04 Bow Saw
31:56 Heavy Plow
32:51 Caravan
33:23 Coinage
34:18 Gold Shaft Mining
34:39 Stone Shaft Mining
40:39 Medium Warships
47:10 Imperial Age
46:06 Forging
45:58 Scale Mail Armor
46:05 Scale Barding Armor
47:56 Iron Casting
47:37 Chain Mail Armor
47:44 Chain Barding Armor
48:01 Banking
47:41 Guilds
49:08 Two-Man Saw
48:42 Crop Rotation
47:35 Elite War Elephant
49:04 Conscription
48:55 Citadels
49:21 Hoardings
48:47 Kamandaran
50:41 Blast Furnace
50:12 Plate Mail Armor
50:19 Plate Barding Armor
49:47 Padded Archer Armor
49:39 Fletching
51:56 Leather Archer Armor
51:31 Crossbowman
52:19 Thumb Ring
52:44 Onager
52:56 Heavy Camel Rider
53:36 Husbandry
53:54 Bloodlines
60:32 Heavy Warships
Connection lost

Rejoining the realm…

Still unreachable

The connection could not be restored.

Session expired

The server has moved on; the page needs a fresh start.